TOP OF THE 1ST |
---|
Boston Rebels batting - Pitching for So Cal Bruins : RHP Dionisio Penni | Pitching: RHP Dionisio Penni | | Batting: LHB Howard Lambert | 0-0: Ball 1-0: Ball 2-0: Called Strike 2-1: Ground out 4-3 (Groundball, 34D) | Batting: SHB António Enríquez | 0-0: Ball 1-0: Ball 2-0: Fly out, F3 (Line Drive, 3L) | Batting: LHB Felipe Guerrero | 0-0: Called Strike 0-1: Ball 1-1: Ball 2-1: Ground out 5-3 (Groundball, 5) | Top of the 1st over - 0 runs, 0 hits, 0 errors, 0 left on base; Boston 0 - So Cal 0 | BOTTOM OF THE 1ST |
---|
So Cal Bruins batting - Pitching for Boston Rebels : RHP Nathan Walters | Pitching: RHP Nathan Walters | | Batting: LHB Jesús Campos | 0-0: Foul Ball, location: 2F 0-1: Ball 1-1: Fly out, F5 (Popup, 15S) | Batting: LHB Bob Ware | 0-0: Fly out, F2 (Popup, 25F) | Batting: RHB Earl Wiggins | 0-0: Called Strike 0-1: Ball 1-1: DOUBLE (Line Drive, 7LM) | Batting: LHB José Antonio Santiago | 0-0: Foul Ball, location: 2F 0-1: Swinging Strike 0-2: Fly out, F9 (Flyball, 89D) | Bottom of the 1st over - 0 runs, 1 hit, 0 errors, 1 left on base; Boston 0 - So Cal 0 | TOP OF THE 2ND |
---|
Boston Rebels batting - Pitching for So Cal Bruins : RHP Dionisio Penni | Batting: RHB Aaron Wilson | 0-0: Ball 1-0: Ground out 5-3 (Groundball, 5) | Batting: LHB Ricardo Brandariz | 0-0: Ball 1-0: Called Strike 1-1: Swinging Strike 1-2: Strikes out swinging | Batting: RHB Roberto Chávez | 0-0: TRIPLE (Line Drive, 78D) | Batting: RHB Ed Watkins | 0-0: Ball 1-0: Swinging Strike 1-1: Foul Ball, location: 2F 1-2: Ball 2-2: Ball 3-2: Strikes out looking | Top of the 2nd over - 0 runs, 1 hit, 0 errors, 1 left on base; Boston 0 - So Cal 0 | BOTTOM OF THE 2ND |
---|
So Cal Bruins batting - Pitching for Boston Rebels : RHP Nathan Walters | Batting: RHB Rubén Calderón | 0-0: Ball 1-0: Ball 2-0: TRIPLE (Flyball, 8RXD) | Batting: LHB Kiyonaga Morita | 0-0: Ball 1-0: Foul Ball, location: 2F 1-1: SINGLE (Line Drive, 56D) Rubén Calderón scores | Batting: RHB Lawrence Schroeder | 0-0: Called Strike 0-1: Ball 1-1: SINGLE (Line Drive, 8LS) Kiyonaga Morita to second | Batting: RHB Javier Deleón | 0-0: Ball 1-0: SINGLE (Line Drive, 56D) Kiyonaga Morita to third Lawrence Schroeder to second | Batting: RHB Gerardo Escobedo | 0-0: Ball 1-0: Called Strike 1-1: Fly out, F8 (Flyball, 8RM) Runner from 3rd tags up, SCORES, throw made | Batting: LHB Jesús Campos | 0-0: Ball 1-0: Called Strike 1-1: Ball 2-1: Called Strike 2-2: Ball 3-2: Foul Ball, location: 2F 3-2: Base on Balls Lawrence Schroeder to third Javier Deleón to second | Batting: LHB Bob Ware | 0-0: Ball 1-0: Ball 2-0: Called Strike 2-1: Foul Ball, location: 2F 2-2: Foul Ball, location: 2F 2-2: Ball 3-2: Base on Balls Lawrence Schroeder scores Javier Deleón to third Jesús Campos to second | Batting: RHB Earl Wiggins | 0-0: Called Strike 0-1: Fly out, F5 (Popup, 5F) | Batting: LHB José Antonio Santiago | 0-0: Called Strike 0-1: Ball 1-1: Ball 2-1: Fly out, F9 (Flyball, 89M) | Bottom of the 2nd over - 3 runs, 4 hits, 0 errors, 3 left on base; Boston 0 - So Cal 3 | TOP OF THE 3RD |
---|
Boston Rebels batting - Pitching for So Cal Bruins : RHP Dionisio Penni | Batting: RHB Evan Robinson | 0-0: Ground out 6-3 (Groundball, 6) | Batting: SHB Devin Smith | 0-0: Ball 1-0: Swinging Strike 1-1: Ball 2-1: Foul Ball, location: 2F 2-2: Ground out 4-3 (Groundball, 4) | Batting: LHB Howard Lambert | 0-0: Ball 1-0: Fly out, F4 (Popup, 4MD) | Top of the 3rd over - 0 runs, 0 hits, 0 errors, 0 left on base; Boston 0 - So Cal 3 | BOTTOM OF THE 3RD |
---|
So Cal Bruins batting - Pitching for Boston Rebels : RHP Nathan Walters | Batting: RHB Rubén Calderón | 0-0: Called Strike 0-1: Ball 1-1: SINGLE (Line Drive, 6MD) | Batting: LHB Kiyonaga Morita | 0-0: Ball 1-0: Fly out, F9 (Line Drive, 9) | Batting: RHB Lawrence Schroeder | 0-0: Called Strike 0-1: Swinging Strike 0-2: Ball 1-2: Ball 2-2: Ball 3-2: Strikes out swinging Rubén Calderón steals 2nd base Batter strikes out. | Batting: RHB Javier Deleón | 0-0: Called Strike 0-1: Ball 1-1: Ball 2-1: Ball 3-1: Fly out, F9 (Flyball, 9S) | Bottom of the 3rd over - 0 runs, 1 hit, 0 errors, 1 left on base; Boston 0 - So Cal 3 | TOP OF THE 4TH |
---|
Boston Rebels batting - Pitching for So Cal Bruins : RHP Dionisio Penni | Batting: SHB António Enríquez | 0-0: SINGLE (Line Drive, 89S) | Batting: LHB Felipe Guerrero | 0-0: Fly out, F7 (Line Drive, 78D) | Now in LF: Phil Smith | | Batting: RHB Aaron Wilson | 0-0: Called Strike 0-1: Swinging Strike 0-2: Strikes out swinging | Batting: LHB Ricardo Brandariz | 0-0: Called Strike 0-1: Foul Ball, location: 2F 0-2: Strikes out swinging | Top of the 4th over - 0 runs, 1 hit, 0 errors, 1 left on base; Boston 0 - So Cal 3 | BOTTOM OF THE 4TH |
---|
So Cal Bruins batting - Pitching for Boston Rebels : RHP Nathan Walters | Batting: RHB Gerardo Escobedo | 0-0: Called Strike 0-1: Foul Ball, location: 2F 0-2: Foul Ball, location: 2F 0-2: Strikes out looking | Batting: LHB Jesús Campos | 0-0: Called Strike 0-1: Foul Ball, location: 2F 0-2: Ball 1-2: Foul Ball, location: 2F 1-2: Foul Ball, location: 2F 1-2: Ball 2-2: Ground out 4-3 (Groundball, 4) | Batting: LHB Bob Ware | 0-0: Swinging Strike 0-1: Ball 1-1: Ball 2-1: SINGLE (Line Drive, 8LS) | Batting: RHB Earl Wiggins | 0-0: Ball 1-0: Foul Ball, location: 2F 1-1: Ball 2-1: Foul Ball, location: 2F 2-2: Fielders Choice at 2nd, 6-4 (Groundball, 6) | Bottom of the 4th over - 0 runs, 1 hit, 0 errors, 1 left on base; Boston 0 - So Cal 3 | TOP OF THE 5TH |
---|
Boston Rebels batting - Pitching for So Cal Bruins : RHP Dionisio Penni | Batting: RHB Roberto Chávez | 0-0: Ball 1-0: Called Strike 1-1: Foul Ball, location: 2F 1-2: Ball 2-2: Foul Ball, location: 2F 2-2: SINGLE (Flyball, 34D) | Batting: RHB Ed Watkins | 0-0: Swinging Strike 0-1: Ball 1-1: SINGLE (Line Drive, 7LM) Roberto Chávez to second | Batting: RHB Evan Robinson | 0-0: Foul Ball, location: 2F 0-1: Foul Ball, location: 2F 0-2: Ball 1-2: Ball 2-2: Fly out, F7 (Flyball, 7S) | Batting: SHB Devin Smith | 0-0: Ball 1-0: Foul Ball, location: 2F 1-1: Foul Ball, location: 2F 1-2: Ball 2-2: Foul Ball, location: 2F 2-2: Ball 3-2: Strikes out swinging | Batting: LHB Howard Lambert | 0-0: Called Strike 0-1: Ball 1-1: Ball 2-1: Ball 3-1: Foul Ball, location: 2F 3-2: Ground out U3 (Groundball, 3) | Top of the 5th over - 0 runs, 2 hits, 0 errors, 2 left on base; Boston 0 - So Cal 3 | BOTTOM OF THE 5TH |
---|
So Cal Bruins batting - Pitching for Boston Rebels : RHP Nathan Walters | Batting: LHB Phil Smith | 0-0: Ball 1-0: Foul Ball, location: 2F 1-1: Fly out, F6 (Flyball, 6MD) | Batting: RHB Rubén Calderón | 0-0: Called Strike 0-1: Ball 1-1: Ball 2-1: Ball 3-1: Called Strike 3-2: Foul Ball, location: 2F 3-2: SINGLE (Flyball, 7LS) | Batting: LHB Kiyonaga Morita | 0-0: Ball 1-0: Called Strike 1-1: Foul Ball, location: 2F 1-2: Ball 2-2: Foul Ball, location: 2F 2-2: DOUBLE (Flyball, 8RXD) Rubén Calderón to third Runner from 3rd tries for Home, SAFE, no throw | Batting: RHB Lawrence Schroeder | 0-0: SINGLE (Line Drive, 8LS) Kiyonaga Morita to third Runner from 3rd tries for Home, SAFE, no throw | Pitching: LHP Enrico Lozano | | Batting: RHB Javier Deleón | 0-0: Ball 1-0: Ball 2-0: Swinging Strike 2-1: Foul Ball, location: 2F 2-2: Ball 3-2: Base on Balls Lawrence Schroeder to second | Batting: RHB Gerardo Escobedo | 0-0: Called Strike 0-1: Ball 1-1: Foul Ball, location: 2F 1-2: Ball 2-2: Foul Ball, location: 2F 2-2: Grounds into double play, 4-6-3 (Groundball, 4) | Bottom of the 5th over - 2 runs, 3 hits, 0 errors, 1 left on base; Boston 0 - So Cal 5 | TOP OF THE 6TH |
---|
Boston Rebels batting - Pitching for So Cal Bruins : RHP Dionisio Penni | Batting: SHB António Enríquez | 0-0: Ball 1-0: Swinging Strike 1-1: Ball 2-1: Called Strike 2-2: Ball 3-2: Base on Balls | Batting: LHB Felipe Guerrero | 0-0: Swinging Strike 0-1: Swinging Strike 0-2: Ball 1-2: Ball 2-2: Strikes out swinging | Batting: RHB Aaron Wilson | 0-0: Ball 1-0: Foul Ball, location: 2F 1-1: Ball 2-1: Ground out 2-3 (Groundball, 15S) António Enríquez to second | Batting: LHB Ricardo Brandariz | 0-0: Ground out 6-3 (Groundball, 6) | Top of the 6th over - 0 runs, 0 hits, 0 errors, 1 left on base; Boston 0 - So Cal 5 | BOTTOM OF THE 6TH |
---|
So Cal Bruins batting - Pitching for Boston Rebels : LHP Enrico Lozano | Batting: LHB Jesús Campos | 0-0: Called Strike 0-1: Ball 1-1: Called Strike 1-2: Foul Ball, location: 2F 1-2: Ground out U3 (Groundball, 34S) | Batting: LHB Bob Ware | 0-0: Ball 1-0: Foul Ball, location: 2F 1-1: Ball 2-1: Fly out, F7 (Flyball, 78M) | Batting: RHB Earl Wiggins | 0-0: Called Strike 0-1: Ball 1-1: Ball 2-1: Swinging Strike 2-2: Ball 3-2: Fly out, F8 (Flyball, 8RM) | Bottom of the 6th over - 0 runs, 0 hits, 0 errors, 0 left on base; Boston 0 - So Cal 5 | TOP OF THE 7TH |
---|
Boston Rebels batting - Pitching for So Cal Bruins : RHP Dionisio Penni | Batting: RHB Roberto Chávez | 0-0: Ball 1-0: Ball 2-0: Foul Ball, location: 2F 2-1: Ball 3-1: SINGLE (Groundball, 6MD) | Batting: RHB Ed Watkins | 0-0: Called Strike 0-1: Ball 1-1: DOUBLE (Groundball, 5L) Roberto Chávez to third | Batting: RHB Evan Robinson | 0-0: Ball 1-0: Called Strike 1-1: Ground out 6-3 (Groundball, 6) Roberto Chávez scores | Pitching: LHP Juan Fuentes | | Batting: SHB Devin Smith | 0-0: Called Strike 0-1: Ball 1-1: Ball 2-1: Ball 3-1: Foul Ball, location: 2F 3-2: Strikes out swinging | Batting: LHB Howard Lambert | 0-0: Fly out, F9 (Flyball, 9) | Top of the 7th over - 1 run, 2 hits, 0 errors, 1 left on base; Boston 1 - So Cal 5 | BOTTOM OF THE 7TH |
---|
So Cal Bruins batting - Pitching for Boston Rebels : LHP Enrico Lozano | Batting: LHB Phil Smith | 0-0: Foul Ball, location: 2F 0-1: SINGLE (Groundball, 34D) | Batting: RHB Rubén Calderón | 0-0: Swinging Strike 0-1: SINGLE (Groundball, 34D) Phil Smith to second Runner from 2nd tries for 3rd, SAFE, no throw | Batting: LHB Kiyonaga Morita | 0-0: Foul Ball, location: 2F 0-1: Called Strike 0-2: Ball 1-2: DOUBLE (Groundball, 5L) Phil Smith scores Rubén Calderón to third Runner from 3rd tries for Home, SAFE, no throw | Batting: RHB Lawrence Schroeder | 0-0: Called Strike 0-1: Foul Ball, location: 2F 0-2: Ball 1-2: Ball 2-2: Foul Ball, location: 2F 2-2: Fly out, F7 (Flyball, 7LS) | Batting: RHB Javier Deleón | 0-0: Called Strike 0-1: Ball 1-1: Swinging Strike 1-2: Foul Ball, location: 2F 1-2: Ball 2-2: Foul Ball, location: 2F 2-2: Foul Ball, location: 2F 2-2: Ball 3-2: Foul Ball, location: 2F 3-2: Foul Ball, location: 2F 3-2: Ground out 6-3 (Groundball, 6) | Batting: RHB Gerardo Escobedo | 0-0: Ball 1-0: Ball 2-0: Called Strike 2-1: Foul Ball, location: 2F 2-2: SINGLE (Line Drive, 4MD) Kiyonaga Morita to third Runner from 3rd tries for Home, SAFE, no throw | Batting: LHB Jesús Campos | 0-0: Fly out, F6 (Popup, 6S) | Bottom of the 7th over - 3 runs, 4 hits, 0 errors, 1 left on base; Boston 1 - So Cal 8 | TOP OF THE 8TH |
---|
Boston Rebels batting - Pitching for So Cal Bruins : LHP Juan Fuentes | Batting: SHB António Enríquez | 0-0: Called Strike 0-1: Ball 1-1: Foul Ball, location: 2F 1-2: Ground out 5-3 (Groundball, 5S) | Batting: LHB Felipe Guerrero | 0-0: Swinging Strike 0-1: Foul Ball, location: 2F 0-2: Strikes out swinging | Batting: RHB Aaron Wilson | 0-0: Ball 1-0: Ball 2-0: SINGLE (Line Drive, 6D) | Batting: LHB Ricardo Brandariz | 0-0: Foul Ball, location: 2F 0-1: Foul Ball, location: 2F 0-2: Fly out, F7 (Flyball, 78D) | Top of the 8th over - 0 runs, 1 hit, 0 errors, 1 left on base; Boston 1 - So Cal 8 | BOTTOM OF THE 8TH |
---|
So Cal Bruins batting - Pitching for Boston Rebels : LHP Enrico Lozano | Batting: LHB Bob Ware | 0-0: Ball 1-0: Ball 2-0: Fly out, F7 (Flyball, 7LS) | Batting: RHB Earl Wiggins | 0-0: Ball 1-0: Swinging Strike 1-1: Foul Ball, location: 2F 1-2: Ball 2-2: Strikes out looking | Batting: LHB Phil Smith | 0-0: Ball 1-0: Called Strike 1-1: DOUBLE (Line Drive, 89D) | Batting: RHB Rubén Calderón | 0-0: Foul Ball, location: 2F 0-1: Ball 1-1: Called Strike 1-2: Foul Ball, location: 2F 1-2: Fly out, F6 (Line Drive, 6) | Bottom of the 8th over - 0 runs, 1 hit, 0 errors, 1 left on base; Boston 1 - So Cal 8 | TOP OF THE 9TH |
---|
Boston Rebels batting - Pitching for So Cal Bruins : LHP Juan Fuentes | Batting: RHB Roberto Chávez | 0-0: Ball 1-0: Ground out 4-3 (Groundball, 4M) | Batting: RHB Ed Watkins | 0-0: Called Strike 0-1: Foul Ball, location: 2F 0-2: Foul Ball, location: 2F 0-2: Ball 1-2: Fly out, F7 (Flyball, 7D) | Batting: RHB Evan Robinson | 0-0: Foul Ball, location: 2F 0-1: Foul Ball, location: 2F 0-2: Foul Ball, location: 2F 0-2: Foul Ball, location: 2F 0-2: Ball 1-2: Strikes out swinging | Top of the 9th over - 0 runs, 0 hits, 0 errors, 0 left on base; Boston 1 - So Cal 8 | |